% Time on Ice - REGINA FALCONS
Lines # - Real PCT - Wanted PCT - Time Play
Normal Forward
1 - 37% - 35% - 16:08
2 - 31% - 32% - 13:36
3 - 23% - 27% - 10:20
4 - 9% - 6% - 4:07
Normal Defense
1 - 37% - 36% - 16:13
2 - 34% - 33% - 15:05
3 - 28% - 26% - 12:25
4 - 1% - 5% - 0:28
PP Forward
1 - 58% - 60% - 4:36
2 - 42% - 40% - 3:20
PP Defense
1 - 48% - 60% - 3:49
2 - 52% - 40% - 4:07
PK Forward
1 - 77% - 60% - 5:55
2 - 23% - 40% - 1:48
PK Defense
1 - 71% - 60% - 5:31
2 - 29% - 40% - 2:12
PK3 Forward
1 - 0% - 60%
2 - 0% - 40%
PK3 Defense
1 - 0% - 60%
2 - 0% - 40%
44 Forward
1 - 0% - 55%
2 - 0% - 45%
44 Defense
1 - 0% - 55%
2 - 0% - 45%
Last Minute Offensive  - 0:10
Last Minute Defensive  - 0:00
Total
Forward - 60:00
Defense - 60:00
% Time on Ice - LONG BEACH BARACUDAS
Lines # - Real PCT - Wanted PCT - Time Play
Normal Forward
1 - 35% - 40% - 15:20
2 - 25% - 33% - 11:03
3 - 21% - 18% - 9:11
4 - 20% - 9% - 8:37
Normal Defense
1 - 32% - 40% - 14:04
2 - 31% - 30% - 13:30
3 - 28% - 15% - 12:30
4 - 9% - 15% - 4:07
PP Forward
1 - 59% - 51% - 4:35
2 - 41% - 49% - 3:08
PP Defense
1 - 41% - 55% - 3:12
2 - 59% - 45% - 4:31
PK Forward
1 - 71% - 60% - 5:40
2 - 29% - 40% - 2:16
PK Defense
1 - 70% - 55% - 5:33
2 - 30% - 45% - 2:23
PK3 Forward
1 - 0% - 55%
2 - 0% - 45%
PK3 Defense
1 - 0% - 55%
2 - 0% - 45%
44 Forward
1 - 0% - 55%
2 - 0% - 45%
44 Defense
1 - 0% - 55%
2 - 0% - 45%
Last Minute Offensive  - 0:00
Last Minute Defensive  - 0:10
Total
Forward - 60:00
Defense - 60:00
Play-by-Play 1st period 0:01 of 1st period - Steven Stamkos wins face-off versus Jonathan Miller in neutral zone. 0:27 of 1st period - Shot by Max Pacioretty. 0:27 of 1st period - Stopped by Jonathan Quick with a rebound. 0:29 of 1st period - Shot by Max Pacioretty. 0:29 of 1st period - Shot Misses the Net. 0:31 of 1st period - Shot by Jonathan Miller. 0:31 of 1st period - Goal by Jonathan Miller - REGINA FALCONS : 1 - LONG BEACH BARACUDAS : 0. 0:32 of 1st period - Ryan Getzlaf wins face-off versus Brock Nelson in neutral zone. 1:13 of 1st period - Reyley Smith is hit by Anton Stralman and loses puck. 1:42 of 1st period - Shot by Nick Cousins. 1:42 of 1st period - Stopped by Jonathan Quick without a rebound. 1:43 of 1st period - Derek Stepan wins face-off versus Jonathan Miller in LONG BEACH BARACUDAS zone. 2:19 of 1st period - Shot by Max Pacioretty. 2:19 of 1st period - Deflect By Jonathan Miller. 2:19 of 1st period - Shot Misses the Net. 2:22 of 1st period - Icing by Jordie Benn. 2:23 of 1st period - Derek Stepan wins face-off versus Derick Brassard in LONG BEACH BARACUDAS zone. 2:31 of 1st period - Minor Penalty to Jordie Benn for Holding. 2:32 of 1st period - Derek Stepan wins face-off versus Derick Brassard in LONG BEACH BARACUDAS zone. 2:51 of 1st period - Shot by Jonathan Audy-Marchessault. 2:51 of 1st period - Deflect By Tanner Pearson. 2:51 of 1st period - Stopped by Jonathan Quick without a rebound. 2:52 of 1st period - J.T. Compher wins face-off versus Ryan Getzlaf in LONG BEACH BARACUDAS zone. 3:55 of 1st period - Shot by Ivan Provorov. 3:55 of 1st period - Stopped by Jonathan Quick without a rebound. 3:56 of 1st period - Derick Brassard wins face-off versus Derek Stepan in LONG BEACH BARACUDAS zone. 4:25 of 1st period - Shot by Jonathan Audy-Marchessault. 4:25 of 1st period - Deflect By Tanner Pearson. 4:25 of 1st period - Stopped by Jonathan Quick without a rebound. 4:26 of 1st period - Mikael Granlund wins face-off versus Ryan Getzlaf in LONG BEACH BARACUDAS zone. 4:51 of 1st period - Shot by Jaden Schwartz. 4:51 of 1st period - Stopped by Tristan Jarry without a rebound. 4:52 of 1st period - Pierre-Edouard Bellemare wins face-off versus Ryan Getzlaf in REGINA FALCONS zone. 4:53 of 1st period - Shot by Andreas Johnsson. 4:53 of 1st period - Stopped by Tristan Jarry without a rebound. 4:54 of 1st period - Jaden Schwartz wins face-off versus Ryan Getzlaf in REGINA FALCONS zone. 4:54 of 1st period - Jaden Schwartz is hit by Brenden Dillon. 4:56 of 1st period - Shot by Steven Stamkos. 4:56 of 1st period - Stopped by Tristan Jarry without a rebound. 4:56 of 1st period - Minor Penalty to Brenden Dillon for Hooking. 4:57 of 1st period - Steven Stamkos wins face-off versus Nick Cousins in REGINA FALCONS zone. 5:21 of 1st period - Shot by Steven Stamkos. 5:21 of 1st period - Goal by Steven Stamkos - REGINA FALCONS : 1 - LONG BEACH BARACUDAS : 1. 5:22 of 1st period - Andreas Johnsson wins face-off versus Tanner Pearson in neutral zone. 5:51 of 1st period - Off-side. 5:52 of 1st period - Derick Brassard wins face-off versus Steven Stamkos in neutral zone. 5:52 of 1st period - Derick Brassard is hit by Jaden Schwartz. 5:59 of 1st period - Shot by Brent Burns. 5:59 of 1st period - Deflect By Nick Cousins. 5:59 of 1st period - Shot Blocked by Jaden Schwartz. 6:15 of 1st period - Shot by Derick Brassard. 6:15 of 1st period - Shot Misses the Net. 6:33 of 1st period - Shot by Nick Cousins. 6:33 of 1st period - Stopped by Jonathan Quick without a rebound. 6:34 of 1st period - Jonathan Miller wins face-off versus Brock Nelson in LONG BEACH BARACUDAS zone. 6:35 of 1st period - Shot by Max Pacioretty. 6:35 of 1st period - Shot Misses the Net. 6:37 of 1st period - Shot by Anton Stralman. 6:37 of 1st period - Deflect By Max Pacioretty. 6:37 of 1st period - Shot Misses the Net. 6:39 of 1st period - Shot by Jonathan Miller. 6:39 of 1st period - Stopped by Jonathan Quick without a rebound. 6:40 of 1st period - Brock Nelson wins face-off versus Jonathan Miller in LONG BEACH BARACUDAS zone. 7:09 of 1st period - Off-side. 7:10 of 1st period - Steven Stamkos wins face-off versus Ryan Getzlaf in neutral zone. 9:21 of 1st period - Alex Pietrangelo is hit by Derick Brassard and loses puck. 10:04 of 1st period - Marc-Edouard Vlasic is hit by Mikael Granlund. 10:05 of 1st period - Minor Penalty to Derek Stepan for Slashing. 10:06 of 1st period - Ryan Getzlaf wins face-off versus J.T. Compher in LONG BEACH BARACUDAS zone. 10:13 of 1st period - Shot by Ryan Getzlaf. 10:13 of 1st period - Deflect By Max Pacioretty. 10:13 of 1st period - Stopped by Jonathan Quick with a rebound. 10:17 of 1st period - Shot by Jonathan Miller. 10:17 of 1st period - Stopped by Jonathan Quick without a rebound. 10:18 of 1st period - Ryan Getzlaf wins face-off versus J.T. Compher in LONG BEACH BARACUDAS zone. 11:23 of 1st period - Shot by Tanner Pearson. 11:23 of 1st period - Stopped by Jonathan Quick with a rebound. 11:41 of 1st period - Shot by Jonathan Miller. 11:41 of 1st period - Shot Misses the Net. 11:43 of 1st period - Shot by Jonathan Audy-Marchessault. 11:43 of 1st period - Stopped by Jonathan Quick with a rebound. 11:45 of 1st period - Shot by Tanner Pearson. 11:45 of 1st period - Stopped by Jonathan Quick without a rebound. 11:46 of 1st period - Ryan Getzlaf wins face-off versus Steven Stamkos in LONG BEACH BARACUDAS zone. 12:02 of 1st period - Icing by Ivan Provorov. 12:03 of 1st period - Steven Stamkos wins face-off versus Ryan Getzlaf in REGINA FALCONS zone. 12:16 of 1st period - Shot by Andreas Johnsson. 12:16 of 1st period - Deflect By Loui Eriksson. 12:16 of 1st period - Stopped by Tristan Jarry with a rebound. 12:38 of 1st period - Shot by Corey Perry. 12:38 of 1st period - Shot Misses the Net. 13:08 of 1st period - Shot by Steven Stamkos. 13:08 of 1st period - Stopped by Tristan Jarry without a rebound. 13:09 of 1st period - Ryan Getzlaf wins face-off versus Brock Nelson in REGINA FALCONS zone. 14:53 of 1st period - Shot by Max Pacioretty. 14:53 of 1st period - Shot Hit the Post. 14:55 of 1st period - Shot by Brenden Dillon. 14:55 of 1st period - Deflect By Jonathan Miller. 14:55 of 1st period - Shot Blocked by Ron Hainsey. 15:11 of 1st period - Shot by Nick Cousins. 15:11 of 1st period - Stopped by Jonathan Quick without a rebound. 15:12 of 1st period - Nick Cousins wins face-off versus Derek Stepan in LONG BEACH BARACUDAS zone. 16:17 of 1st period - Shot by Kyle Palmieri. 16:17 of 1st period - Shot Misses the Net. 16:35 of 1st period - Shot by Jaden Schwartz. 16:35 of 1st period - Stopped by Tristan Jarry without a rebound. 16:36 of 1st period - Pierre-Edouard Bellemare wins face-off versus Jonathan Miller in REGINA FALCONS zone. 17:03 of 1st period - Off-side. 17:04 of 1st period - Ryan Getzlaf wins face-off versus Steven Stamkos in neutral zone. 17:33 of 1st period - Ryan Getzlaf is hit by Steven Stamkos and loses puck. 17:44 of 1st period - Shot by Jonathan Audy-Marchessault. 17:44 of 1st period - Stopped by Jonathan Quick without a rebound. 17:45 of 1st period - Brock Nelson wins face-off versus Jonathan Miller in LONG BEACH BARACUDAS zone. 17:45 of 1st period - Brock Nelson is hit by Max Pacioretty. 18:09 of 1st period - Shot by Reyley Smith. 18:09 of 1st period - Deflect By Taylor Hall. 18:09 of 1st period - Stopped by Tristan Jarry without a rebound. 18:10 of 1st period - Ryan Getzlaf wins face-off versus Derek Stepan in REGINA FALCONS zone. 18:40 of 1st period - Shot by J.T. Compher. 18:40 of 1st period - Stopped by Tristan Jarry without a rebound. 18:41 of 1st period - Derick Brassard wins face-off versus Steven Stamkos in REGINA FALCONS zone. 19:12 of 1st period - Jaden Schwartz is hit by Brent Burns and loses puck. 19:13 of 1st period - Jaden Schwartz from LONG BEACH BARACUDAS is injured at 19:13 of 1st period (Sore Left Knee). 19:14 of 1st period - David Pastrnak wins face-off versus Brock Nelson in REGINA FALCONS zone. 19:31 of 1st period - Brock Nelson is hit by Brenden Dillon and loses puck. 19:37 of 1st period - Reyley Smith is hit by Brenden Dillon and loses puck. 19:40 of 1st period - Shot by Reyley Smith. 19:40 of 1st period - Deflect By Taylor Hall. 19:40 of 1st period - Shot Blocked by Brandon Carlo. Goals for this period are 1 for REGINA FALCONS vs 1 for LONG BEACH BARACUDAS. Shots for this period are 15 for REGINA FALCONS vs 9 for LONG BEACH BARACUDAS. 2nd period 0:01 of 2nd period - Steven Stamkos wins face-off versus Derick Brassard in neutral zone. 0:03 of 2nd period - Off-side. 0:04 of 2nd period - Derick Brassard wins face-off versus Steven Stamkos in neutral zone. 0:39 of 2nd period - Shot by Richard Panik. 0:39 of 2nd period - Deflect By Nick Cousins. 0:39 of 2nd period - Stopped by Jonathan Quick without a rebound. 0:40 of 2nd period - Tanner Pearson wins face-off versus Derek Stepan in LONG BEACH BARACUDAS zone. 1:02 of 2nd period - Derek Stepan is hit by Brenden Dillon and loses puck. 1:19 of 2nd period - Minor Penalty to Jonathan Audy-Marchessault for Tripping. 1:20 of 2nd period - Reyley Smith wins face-off versus Nick Cousins in REGINA FALCONS zone. 1:46 of 2nd period - Shot by Steven Stamkos. 1:46 of 2nd period - Stopped by Tristan Jarry with a rebound. 1:56 of 2nd period - Shot by Andreas Johnsson. 1:56 of 2nd period - Shot Misses the Net. 1:58 of 2nd period - Shot by Andreas Johnsson. 1:58 of 2nd period - Stopped by Tristan Jarry without a rebound. 1:59 of 2nd period - Brock Nelson wins face-off versus Derick Brassard in REGINA FALCONS zone. 2:28 of 2nd period - Shot by Taylor Hall. 2:28 of 2nd period - Shot Hit the Post. 2:30 of 2nd period - Shot by Brandon Montour. 2:30 of 2nd period - Shot Blocked by Brenden Dillon. 2:32 of 2nd period - Shot by Ben Hutton. 2:32 of 2nd period - Shot Blocked by Brandon Carlo. 2:34 of 2nd period - Shot by Kyle Palmieri. 2:34 of 2nd period - Stopped by Tristan Jarry with a rebound. 2:36 of 2nd period - Shot by Ben Hutton. 2:36 of 2nd period - Deflect By Brock Nelson. 2:36 of 2nd period - Shot Misses the Net. 3:28 of 2nd period - Shot by Pierre-Edouard Bellemare